 Dungeon Crawl Stone Soup version 0.25.0-46-gbd7b085 (webtiles) character file.

Game seed: 9032822010060896712

2368 Gadfly the Magician (level 9, -5/49 HPs)
             Began as a Deep Elf Venom Mage on July 13, 2020.
             Was an Initiate of Vehumet.
             Slain by a wight
             ... wielding a +4 mace of freezing
              (8 damage)
             ... on level 7 of the Dungeon.
             The game lasted 00:14:10 (7544 turns).

Gadfly the Magician (Deep Elf Venom Mage)           Turns: 7544, Time: 00:14:10

Health: -5/49      AC: 10    Str:  5    XL:     9   Next: 21%
Magic:  22/22      EV: 16    Int: 32    God:    Vehumet [......]
Gold:   228        SH:  5    Dex: 20    Spells: 13/23 levels left

rFire    . . .     SeeInvis .   a - +9 quarterstaff of Vaj Pyad {drain, rElec rF- Int+9 Dex-2}
rCold    . . .     Gourm    .   (shield currently unavailable)
rNeg     . . .     Faith    .   g - +1 robe
rPois    .         Spirit   .   q - +0 helmet
rElec    +         Reflect  +   H - +2 cloak {Stlth+}
rCorr    .         Harm     .   (no gloves)
MR       .....                  m - +2 pair of boots
Stlth    ++........             v - amulet of reflection
HPRegen  0.16/turn              r - ring of protection from fire
MPRegen  0.18/turn              I - +6 ring of dexterity

@: drained
A: no striking features
a: Renounce Religion


You were on level 7 of the Dungeon.
You worshipped Vehumet.
Vehumet was noncommittal.
You were not hungry.

You visited 2 branches of the dungeon, and saw 8 of its levels.

You collected 228 gold pieces.

Inventory:

Hand Weapons
 a - the +9 quarterstaff of Vaj Pyad (weapon) {drain, rElec rF- Int+9 Dex-2}
   (You found it on level 5 of the Dungeon)

   A truly terrible weapon, it drains the life of those it strikes.
   It affects your intelligence (+9).
   It affects your dexterity (-2).
   It makes you vulnerable to fire.
   It insulates you from electricity.
 b - a +0 flail of holy wrath
 p - a +5 short sword
 x - a +4 mace of freezing
 F - a +2 vampiric falchion
Missiles
 u - 4 atropa-tipped darts (quivered)
Armour
 g - a +1 robe (worn)
 m - a +2 pair of boots (worn)
 q - a +0 helmet (worn)
 H - a +2 cloak of stealth (worn)
Jewellery
 h - an uncursed ring of protection from magic
 k - an uncursed ring of protection from cold
 l - an uncursed ring of protection from cold
 r - a ring of protection from fire (left hand)
 v - an amulet of reflection (around neck)
 I - a +6 ring of dexterity (right hand)
Wands
 i - a wand of random effects (13)
 y - a wand of iceblast (6)
 C - a wand of paralysis (8)
Scrolls
 e - a scroll of enchant armour
 A - 5 scrolls of amnesia
 B - 5 scrolls of teleportation
Potions
 d - 4 potions of heal wounds
 f - 2 potions of ambrosia
 j - a potion of haste
 n - a potion of berserk rage
 o - a potion of magic
 s - 3 potions of lignification
 t - 2 potions of curing
 w - a potion of might {unknown}
 z - a potion of degeneration {unknown}
 D - a potion of brilliance {unknown}
 E - 2 potions of cancellation {unknown}
 G - a potion of flight {unknown}
Comestibles
 c - 17 rations


   Skills:
 + Level 2.7(1.9) Fighting
 * Level 6.7(5.8) Dodging
 - Level 2.4(1.6) Stealth
 * Level 7.7(6.8) Spellcasting
 * Level 5.9(5.0) Transmutations
 + Level 3.7(2.9) Fire Magic
 * Level 6.9(6.0) Poison Magic
 + Level 2.9(2.1) Evocations


You had 13 spell levels left.
You knew the following spells:

 Your Spells              Type           Power        Failure   Level  Hunger
a - Sting                 Tmut/Pois      ####         1%          1    None
b - Poisonous Vapours     Pois/Air       ####..       1%          2    None
c - Ignite Poison         Fire/Tmut/Pois #####...     1%          3    None
d - Olgreb's Toxic Radia  Pois           #####...     3%          4    ##.....

Your spell library contained the following spells:

 Spells                   Type           Power        Failure   Level  Hunger
 Mephitic Cloud           Conj/Pois/Air  ###.....     5%          3    None


Dungeon Overview and Level Annotations

Branches:
Dungeon (7/15)             Temple (1/1) D:7

Altars:
Ashenzari
Cheibriados
Elyvilon
Fedhas
Gozag
Kikubaaqudgha
Makhleb
Okawaru
Ru
Sif Muna
Uskayaw
Vehumet
Xom
Yredelemnul

Shops:
D:5 (

Annotations:
D:4 3 runed translucent doors, 2 transporters, Menkaure; roflc0ptic's ghost, amateur OpTm


Message History

You hit the wight.
The wight is almost destroyed.
The wight barely misses you.
You closely miss the wight.
The wight is almost destroyed.
The wight hits you with a +4 mace of freezing!
* * * LOW HITPOINT WARNING * * *
You feel drained.
* * * LOW HITPOINT WARNING * * *
The wight freezes you.
* * * LOW HITPOINT WARNING * * *
Okay, then.
Items here: )) ? [[ a +0 war axe; a +0 robe; a scroll labeled IROKUDDOABU; a cursed +4 halberd a +2 robe of magic resistance You closely miss the wight.
The wight is almost destroyed.
The wight closely misses you.
The wight hits you with a +4 mace of freezing!
You die...

#....#.###
#..>..############. #....#.#
#.....# ##
#....#.#######.#####
#....)..........# #####
#........####... .... ######
######.#....#.#####'###
...... ##.###......#.....#
#####. ##..##..##...#.⌠.⌠.#
###... ##..##......[@z(.>..+
#....(
##..###.########.⌠.⌠.#
#..... #..####.# #.....#
....... #.###...# ###'###
...>... #..##.### #...#
##..... ##..#.# #..## #.....
##...####### #.## ##.....
##..#.....##
#)######....#...
#.>.......###........#######


You could see a wight.

Vanquished Creatures
  2 hippogriffs (D:7)
  A black bear (D:7)
  A sky beast (D:6)
  A centaur (D:6)
  4 ogres
  A phantom (D:5)
  2 bullfrogs
  4 wights (D:7)
  5 crimson imps
  A centaur skeleton (D:4)
  A hound (D:6)
  2 bullfrog skeletons
  2 orc priests
  3 orc wizards
  3 iguanas
  9 worker ants
  A worker ant zombie (D:6)
  Robin (D:3)
  5 gnolls
  9 adders
  An ooze (D:3)
  An adder skeleton (D:6)
  An adder zombie (D:6)
  5 worms
  2 dart slugs
  4 leopard geckos
  12 orcs
  6 giant cockroaches
  13 goblins
  9 hobgoblins
  3 quokkas
  6 ball pythons
  3 bats (D:1)
  6 frilled lizards
  A jackal zombie (D:5)
  4 kobolds
  A leopard gecko skeleton (D:6)
  A quokka skeleton (D:6)
  A quokka zombie (D:5)
  16 rats
  2 butterflies (D:3)
156 creatures vanquished.

Notes
Turn   | Place    | Note
-------+----------+-------------------------------------------
     0 | D:1      | Gadfly the Deep Elf Venom Mage began the quest for the Orb.
     0 | D:1      | Reached XP level 1. HP: 10/10 MP: 6/6
    58 | D:1      | Found a shattered altar of Ashenzari.
   511 | D:1      | Reached XP level 2. HP: 15/15 MP: 8/8
   535 | D:1      | Learned a level 2 spell: Poisonous Vapours
  1120 | D:1      | Reached XP level 3. HP: 19/19 MP: 10/10
  1125 | D:1      | Learned a level 3 spell: Ignite Poison
  1969 | D:2      | Found a hide-covered altar of Uskayaw.
  2117 | D:2      | Reached XP level 4. HP: 16/24 MP: 1/11
  2153 | D:2      | Learned a level 4 spell: Olgreb's Toxic Radiance
  2343 | D:2      | Reached skill level 4 in Spellcasting
  2832 | D:3      | Found a shimmering altar of Xom.
  3027 | D:3      | Noticed Robin
  3037 | D:3      | Killed Robin
  3148 | D:3      | Reached XP level 5. HP: 24/28 MP: 13/13
  3287 | D:3      | Reached skill level 1 in Fire Magic
  3647 | D:3      | Found a faded altar of an unknown god.
  3647 | D:3      | Found a blossoming altar of Fedhas.
  3652 | D:3      | Found a burning altar of Makhleb.
  3654 | D:3      | Found an iron altar of Okawaru.
  3656 | D:3      | Found a white marble altar of Elyvilon.
  3887 | D:4      | Found a runed translucent gate.
  3888 | D:4      | Found a runed translucent gate.
  3889 | D:4      | Found a runed translucent gate.
  3902 | D:4      | Reached skill level 1 in Fighting
  3902 | D:4      | Reached XP level 6. HP: 34/34 MP: 2/15
  3997 | D:4      | Noticed roflc0ptic's ghost (amateur OpTm)
  4023 | D:4      | Reached skill level 5 in Spellcasting
  4411 | D:4      | Found an ancient bone altar of Kikubaaqudgha.
  4413 | D:4      | Noticed Menkaure
  4415 | D:4      | Found a basalt altar of Yredelemnul.
  4415 | D:4      | Noticed a hungry ghost
  4461 | D:4      | Reached skill level 5 in Poison Magic
  4461 | D:4      | Reached XP level 7. HP: 38/38 MP: 7/17
  4566 | D:4      | Found a transporter.
  4578 | D:4      | Found a transporter.
  4815 | D:5      | Entered Level 5 of the Dungeon
  5116 | D:5      | Got a pitted quarterstaff
  5117 | D:5      | Identified the +9 quarterstaff of Vaj Pyad {drain, rElec
                  | rF- Int+9 Dex-2} (You found it on level 5 of the Dungeon)
  5254 | D:5      | Reached skill level 1 in Evocations
  5254 | D:5      | Reached skill level 5 in Dodging
  5267 | D:5      | Reached skill level 6 in Spellcasting
  5634 | D:5      | Reached XP level 8. HP: 44/44 MP: 9/19
  5755 | D:5      | Found Icsope Couzu's Antique Weapon Shoppe.
  5755 | D:5      | Found a shimmering blue altar of Sif Muna.
  5887 | D:6      | Found a shimmering altar of Xom.
  5889 | D:6      | Found a shimmering altar of Xom.
  5890 | D:6      | Found a shimmering altar of Xom.
  5901 | D:6      | Found a shimmering altar of Xom.
  6198 | D:6      | Reached skill level 5 in Transmutations
  6637 | D:6      | Found a shimmering altar of Xom.
  6643 | D:6      | Found a shimmering altar of Xom.
  6659 | D:6      | Found a shimmering altar of Xom.
  6783 | D:6      | Reached skill level 7 in Spellcasting
  7070 | D:7      | Noticed a hippogriff
  7075 | D:7      | Killed a hippogriff
  7213 | D:7      | Found an opulent altar of Gozag.
  7297 | D:7      | Reached XP level 9. HP: 49/49 MP: 14/22
  7380 | D:7      | Found a staircase to the Ecumenical Temple.
  7386 | Temple   | Entered the Ecumenical Temple
  7443 | Temple   | Became a worshipper of Vehumet
  7544 | D:7      | Slain by a wight

Illustrated notes

Levels and vault maps discovered:
D:1:      heliophobic_arrival_glass_houses, layout_basic,
          corexii_hall_statues_l, minmay_misc_feat_tower,
          nicolae_ashenzari_panopticon
D:2:      layout_loops_ring, eat_drink_and_be_merry_uskayaw
D:3:      layout_loops_ring, xom_butterflies,
          chequers_temple_overflow_minitemple, uniq_robin
D:4:      minmay_spotlight, layout_rooms, gammafunk_temple_of_torment,
          gammafunk_ghost_necromancy, first_ration, nrook_loot_triangle
D:5:      layout_basic, lemuel_crystal_altar, serial_shops, shop_fountains,
          minmay_increasing_density
D:6:      layout_loops_cross, serial_co_window_serial, co_window_paths_a,
          co_window_cross_1, co_window_paths_b, co_window_corner_a,
          co_window_paths_a, co_window_paths_a, co_window_of_opportunity_c,
          co_window_of_opportunity_b, co_window_of_opportunity_b,
          glass_columns_c, glass_columns_a, nicolae_xom_altar_mimics
D:7:      layout_rooms, kennysheep_mini_moat, minmay_temple_entry_hall,
          grunt_livestock
Temple:   jpeg_temple_alley_garden

Skill      XL: |  1  2  3  4  5  6  7  8 |
---------------+-------------------------+-----
Transmutations | 2 3 4 5 |  5.9
Dodging        | 3 4 5 6 |  6.7
Poison Magic   | 4 5 6 |  6.9
Spellcasting   | 4 5 6 7 |  7.7
Fire Magic     | 1 2 3 |  3.7
Fighting       | 1 2 |  2.7
Evocations     | 1 2 |  2.9
Stealth        | |  2.4

Action                   |  1- 3 |  4- 6 |  7- 9 || total
-------------------------+-------+-------+-------++-------
Melee: Dagger            |    18 |       |       ||    18
       Short sword       |    37 |   106 |    13 ||   156
       Quarterstaff      |       |       |   114 ||   114
Throw: Dart              |       |       |     1 ||     1
 Cast: Sting             |    22 |    28 |    10 ||    60
       Poisonous Vapours |    15 |    29 |    26 ||    70
       Ignite Poison     |       |     2 |     8 ||    10
       Olgreb's Toxic Ra |       |     1 |     2 ||     3
Evoke: Wand              |       |       |     9 ||     9
  Use: Scroll            |     2 |    10 |     5 ||    17
 Stab: Sleeping          |     7 |     5 |     2 ||    14
       Distracted        |       |     1 |     1 ||     2
  Eat: Chunk             |     3 |     9 |    10 ||    22
Armor: Robe              |     7 |    24 |    35 ||    66
Dodge: Dodged            |    37 |    61 |   101 ||   199
Block: Other             |       |       |    37 ||    37
